 Dungeon Crawl Stone Soup version 0.17-a0-2148-g9c1f372 (webtiles) character file.

294 hellewite the Chopper (level 6, 0/56 HPs)
             Began as a Minotaur Fighter on Oct 25, 2015.
             Was an Initiate of Gozag.
             Slain by an orc warrior
             ... wielding a +0 glaive
              (11 damage)
             ... on level 4 of the Dungeon.
             The game lasted 00:19:03 (2809 turns).

hellewite the Chopper (Minotaur Fighter)            Turns: 2809, Time: 00:19:03

Health: 0/56       AC:  7    Str: 22    XL:     6   Next: 11%
Magic:  5/5        EV:  7    Int:  5    God:    Gozag
Gold:   618        SH:  9    Dex: 10    Spells: 0 memorised, 5 levels left

rFire  . . .     SeeInvis .     a - +0 war axe
rCold  . . .     Clarity  .     b - +0 scale mail
rNeg   . . .     SustAt   .     c - +0 shield
rPois  .         Gourm    .     (helmet restricted)
rElec  .         Spirit   .     (no cloak)
rCorr  .         Warding  .     (no gloves)
rMut   .         Stasis   .     (no boots)
MR     .....                    g - amulet of regeneration
Stlth  ..........               (no ring)
                                (no ring)

@: not resistant to hostile enchantments, extremely unstealthy
A: retaliatory headbutt, horns 2
a: Potion Petition, Call Merchant, Bribe Branch, Renounce Religion


You were on level 4 of the Dungeon.
You worshipped Gozag.
Gozag was noncommittal.
You were not hungry.

You visited 1 branch of the dungeon, and saw 4 of its levels.

You collected 690 gold pieces.
You paid 72 gold pieces to Gozag.

Inventory:

Hand Weapons
 a - a +0 war axe (weapon)
 f - a +2 dagger of electrocution
 l - a +4 trident of piercing
 q - a +0 blowgun
Missiles
 k - 8 javelins (quivered)
 n - 22 poisoned needles
Armour
 b - a +0 scale mail (worn)
 c - a +0 shield (worn)
Jewellery
 g - an amulet of regeneration (around neck)
Scrolls
 o - a scroll of remove curse
 p - a scroll of magic mapping
Potions
 d - a potion of might
 h - a potion of brilliance
 j - a potion of agility
 m - 2 potions of degeneration {unknown}
 r - a potion of curing {unknown}
Comestibles
 e - 2 bread rations


   Skills:
 + Level 5.0 Fighting
 * Level 5.6 Axes
 - Level 3.9 Armour
 + Level 2.4 Stealth
 - Level 3.9 Shields


You had 5 spell levels left.
You didn't know any spells.

Dungeon Overview and Level Annotations

Branches:
Dungeon (4/15)
 Temple: D:4-7

Altars:
Elyvilon
Gozag
Okawaru
The Shining One


Innate Abilities, Weirdness & Mutations

You reflexively headbutt those who attack you in melee.
You have a pair of horns on your head.


Message History

Increase (S)trength, (I)ntelligence, or (D)exterity?
You feel stronger.
Things that are here:
7 gold pieces; a club The orc warrior hits you from afar with a glaive!
Things that are here:
7 gold pieces; a flail of protection; a leather armour You barely miss the orc warrior.
You headbutt the orc warrior.
The orc warrior is lightly wounded.
You block the orc warrior's attack.
You closely miss the orc warrior.
The orc warrior is lightly wounded.
The orc warrior hits you with a glaive!
* * * LOW HITPOINT WARNING * * *
You hit the orc warrior but do no damage.
Your headbutt misses the orc warrior.
The orc warrior is lightly wounded.
The orc warrior hits you with a glaive!
You die...
Your body crumbles into a pile of gold.

## .#.#.##### ..
......... .# ###$#......
.########. #.$.$......
..<#.).... #..$.######
.....# .. #....# .....#
#. #....# ....###
##.####o## .......[
.......@#
.....#######.###$####
.......#...#..##.$.<#
.......#...##.##$####.##
.......'...'............
.......#...###.#.#......
.......#######.#.####.#.
.......#..............#
.......#..[......######


You could see an orc warrior.

Vanquished Creatures
  2 orc priests
  A centaur skeleton (D:4)
  An iguana (D:3)
  An orc wizard (D:4)
  Robin (D:2)
  3 adders
  3 oozes (D:3)
  A worm (D:2)
  2 giant geckos (D:1)
  10 orcs
  12 bats
  6 giant cockroaches
  7 hobgoblins
  7 kobolds
  3 quokkas
  4 ball pythons
  A giant newt (D:2)
  19 goblins
  2 jackals (D:3)
  6 rats
  A fungus (D:2)
  2 plants (D:2)
95 creatures vanquished.

Vanquished Creatures (others)
  A gnoll shaman (D:4)
  4 gnolls (D:4)
  2 plants (D:2)
7 creatures vanquished.

Grand Total: 102 creatures vanquished

Notes
Turn   | Place    | Note
--------------------------------------------------------------
     0 | D:1      | hellewite the Minotaur Fighter began the quest for the Orb.
     0 | D:1      | Reached XP level 1. HP: 19/19 MP: 0/0
   319 | D:1      | Reached XP level 2. HP: 27/27 MP: 1/1
   746 | D:2      | Reached XP level 3. HP: 26/33 MP: 2/2
   817 | D:2      | Reached skill level 1 in Stealth
   830 | D:2      | Reached skill level 4 in Fighting
  1283 | D:2      | Found a white marble altar of Elyvilon.
  1331 | D:2      | Found a glowing golden altar of the Shining One.
  1343 | D:2      | Found an opulent altar of Gozag.
  1346 | D:2      | Found an iron altar of Okawaru.
  1369 | D:2      | Became a worshipper of Gozag Ym Sagoz the Greedy
  1398 | D:2      | Noticed Robin
  1408 | D:2      | Reached XP level 4. HP: 38/40 MP: 3/3
  1423 | D:2      | Killed Robin
  1893 | D:3      | Reached XP level 5. HP: 47/47 MP: 4/4
  2033 | D:3      | Found a faded altar to an unknown god.
  2482 | D:3      | Reached skill level 5 in Axes
  2707 | D:4      | Noticed an orc warrior
  2802 | D:4      | Reached skill level 5 in Fighting
  2802 | D:4      | Reached XP level 6. HP: 28/56 MP: 5/5
  2809 | D:4      | Slain by an orc warrior

Vault maps used:
D:1:      dpeg_arrival_shrine, minmay_misc_feat_ornament
D:2:      wad_lake_hut, minitemple, first_bread, minmay_gold_behind_fungi,
          uniq_robin
D:3:      ecumenical_altar_1
D:4:      grunt_temple_overflow_order_and_chaos_1, lightli_corner_chamber

Action                   |  1- 3 |  4- 6 || total
-------------------------+-------+-------++-------
Melee: War axe           |   112 |   132 ||   244
  Use: Scroll            |     5 |     3 ||     8
 Stab: Distracted        |       |     1 ||     1
  Eat: Chunk             |     2 |       ||     2
       Bread ration      |       |     2 ||     2
